 Dungeon Crawl Stone Soup version 0.31-a0-240-gb923e448b6 (webtiles) character file.

Game seed: 13276754786733498282

125 qw the Shooter (level 4, -3/37 HPs)
             Began as a Minotaur Hexslinger on July 11, 2023.
             Slain by an iguana (12 damage)
             ... on level 4 of the Dungeon.
             The game lasted 00:00:55 (3102 turns).

qw the Shooter (Minotaur Hexslinger)                Turns: 3102, Time: 00:00:55

Health: -3/37      AC:  5    Str: 13    XL:     4   Next: 82%
Magic:  4/4        EV: 11    Int: 10    God:
Gold:   142        SH:  0    Dex: 14    Spells: 4/5 levels left

rFire   . . .        Y - +1 sling
rCold   . . .        (no shield)
rNeg    + . .        k - +0 ring mail
rPois   .            (helmet unavailable)
rElec   .            a - +0 cloak {Stlth+}
rCorr   .            (no gloves)
SInv    +            d - +1 pair of boots
Will    .....        (no amulet)
Stlth   ++           j - ring of positive energy
HPRegen 0.26/turn    b - ring of see invisible
MPRegen 0.09/turn

%: no passive effects
@: about to teleport
A: horns 3, retaliatory headbutt, deformed body
a: no special abilities


You were on level 4 of the Dungeon.
You visited 1 branch of the dungeon, and saw 4 of its levels.

You collected 142 gold pieces.


Innate Abilities, Weirdness & Mutations

You have a pair of large horns on your head.
You reflexively headbutt those who attack you in melee.
Armour fits poorly on your strangely shaped body.


   Skills:
 + Level 2.5 Fighting
 - Level 5.0 Ranged Weapons
 - Level 1.0 Armour
 - Level 2.1 Dodging
 - Level 1.0 Spellcasting
 - Level 2.0 Hexes


You had 4 spell levels left.
You knew the following spells:

 Your Spells              Type           Power      Damage    Failure   Level
a - Slow                  Hex            16%        N/A       32%         1

Your spell library contained the following spells:

 Spells                   Type           Power      Damage    Failure   Level
 Inner Flame              Hex/Fire       2%         N/A       82%         3
 Portal Projectile        Hex/Tloc       4%         N/A       82%         3
 Cause Fear               Hex            2%         N/A       97%         4

Inventory:

Hand Weapons
 Y - a +1 sling (weapon)
Armour
 a - a +0 cloak of stealth (worn)
 d - a +1 pair of boots (worn)
 k - a +0 ring mail (worn)
Jewellery
 b - a ring of see invisible (right hand)
 j - a ring of positive energy (left hand)
Scrolls
 f - 2 scrolls of identify
 g - 3 scrolls of teleportation
Potions
 c - a potion of haste
 h - a potion of mutation
 i - a potion of brilliance {unknown}

Dungeon Overview and Level Annotations

Branches:
Dungeon (4/15)
 Temple: D:4-7

Altars:
Uskayaw
Vehumet

Shops:
D:1 (


Message History

The sling bullet barely misses the goblin.
The goblin shoots a sling bullet.
The sling bullet hits you.
A phantom comes into view.
An iguana comes into view.
The goblin shoots a sling bullet.
The sling bullet misses you.
You shoot a sling bullet. The iguana hisses angrily.
The sling bullet hits the goblin.
The goblin is heavily wounded.
You shoot a sling bullet.
The sling bullet completely misses the goblin.
You shoot a sling bullet.
The sling bullet closely misses the goblin.
The goblin shoots a sling bullet.
The sling bullet hits you.
The goblin shoots a sling bullet.
The sling bullet hits you but does no damage.
You shoot a sling bullet. The sling bullet hits the goblin!
You kill the goblin!
You shoot a sling bullet. The sling bullet hits the iguana.
The iguana is moderately wounded.
You shoot a sling bullet. The sling bullet hits the iguana.
The iguana is severely wounded.
The iguana bites you!
You shoot a sling bullet.
The sling bullet hits the iguana but does no damage.
The iguana is severely wounded.
The iguana completely misses you.
You shoot a sling bullet.
The sling bullet hits the phantom but does no damage.
The phantom hits you.
The phantom blinks!
You blink.
Found a stone staircase leading down.
Enter note:
Enter note: You shoot a sling bullet.
The sling bullet closely misses the iguana.
The iguana bites you. The phantom hits you.
3102 ||| READING 4 scrolls of teleportation.
As you read the scroll of teleportation, it crumbles to dust.
You feel strangely unstable. The iguana bites you!
You die...

#....................
#.##.....##.#######..
#.##.)...##... ###
####.##..^..######
#...........#
##.#.##..####
#.#.....# #.#.#.W.#
#.###l@.# #...ยค...#
######...... ##)####
... #>.. .... ....


You could see a phantom and an iguana.

Vanquished Creatures
  6 adders
  A gnoll (D:1)
  A worm (D:2)
  A dart slug (D:2)
  2 orcs (D:3)
  3 bats
  4 giant cockroaches
  5 goblins
  A hobgoblin (D:3)
  3 jackals (D:1)
  5 kobolds
  4 quokkas
  9 ball pythons
  A frilled lizard (D:3)
  8 rats
54 creatures vanquished.

Notes
Turn   | Place    | Note
-------+----------+-------------------------------------------
     0 | D:1      | qw the Minotaur Hexslinger began the quest for the Orb.
     0 | D:1      | Reached XP level 1. HP: 16/16 MP: 1/1
     0 | D:1      | 0 ||| qw: Version: 0.3-a-52-g30416fa
     0 | D:1      | 0 ||| qw: Game counter: 6011
     0 | D:1      | 0 ||| qw: Melee chars always use a shield: true
     0 | D:1      | 0 ||| qw: God list: Okawaru
     0 | D:1      | 0 ||| qw: Allow faded altars: false
     0 | D:1      | 0 ||| qw: Do Orc after clearing Dungeon:15 true
     0 | D:1      | 0 ||| qw: Do second Lair branch before Depths: true
     0 | D:1      | 0 ||| qw: Lair rune preference: random
     0 | D:1      | 0 ||| qw: Goals: Normal
     0 | D:1      | 0 ||| PLANNING D:1-11
    42 | D:1      | Found Ejazuzem's Weapon Shop.
    49 | D:1      | 49 ||| SHOPLISTING +0 heavy orcbow (99 gold, have 0).
   128 | D:1      | Reached skill level 3 in Ranged Weapons
   128 | D:1      | Reached XP level 2. HP: 18/23 MP: 2/2
   571 | D:1      | Reached XP level 3. HP: 30/30 MP: 3/3
   846 | D:1      | 846 ||| UPGRADING to +0 pair of boots.
   851 | D:1      | 851 ||| UPGRADING to +0 ring mail.
   861 | D:1      | 861 ||| DROPPING +0 robe.
   862 | D:1      | 862 ||| UPGRADING to ring of positive energy.
   863 | D:1      | 863 ||| READING 2 scrolls labelled UCKALUFAIMUWK.
   864 | D:1      | 864 ||| READING 2 scrolls labelled GUSKOX XUITHOW.
   865 | D:1      | 865 ||| READING 2 scrolls labelled XYFFEN FUIXUTS.
   869 | D:1      | 869 ||| READING scroll labelled VAHUTI ESCHOVUU.
   870 | D:1      | 870 ||| DRINKING 2 fizzy yellow potions.
   870 | D:1      | Gained mutation: You have a pair of large horns on your
                  | head. [potion of mutation]
   870 | D:1      | Gained mutation: Armour fits poorly on your strangely
                  | shaped body. [potion of mutation]
   871 | D:1      | 871 ||| DROPPING scroll of fog.
   872 | D:1      | 872 ||| DROPPING scroll of poison.
  1124 | D:2      | You fall into a shaft and drop 1 floor!
  1125 | D:3      | 1125 ||| READING scroll labelled PUDAYL USIN.
  1441 | D:2      | Reached skill level 4 in Ranged Weapons
  1532 | D:2      | Reached skill level 1 in Armour
  1565 | D:2      | Reached XP level 4. HP: 19/37 MP: 4/4
  2037 | D:2      | Found a faded altar of an unknown god.
  2194 | D:2      | 2194 ||| UPGRADING to ring of see invisible.
  2195 | D:2      | 2195 ||| READING 4 scrolls labelled QOANIE GEXU.
  2196 | D:2      | 2196 ||| READING 2 scrolls of identify.
  2196 | D:2      | 2196 ||| IDENTIFYING amethyst potion
  2197 | D:2      | 2197 ||| DROPPING potion of lignification.
  2198 | D:2      | 2198 ||| DROPPING 3 scrolls of amnesia.
  2245 | D:3      | Found a hide-covered altar of Uskayaw.
  2309 | D:3      | Found a radiant altar of Vehumet.
  2616 | D:3      | 2616 ||| READING scroll of enchant armour.
  2616 | D:3      | 2616 ||| ENCHANTING +0 pair of boots.
  2855 | D:3      | 2855 ||| READING scroll labelled LUCADA ETAHIO.
  2855 | D:3      | Identified a scroll of acquirement
  2855 | D:3      | 2855 ||| ACQUIRING +0 cloak of stealth
  2855 | D:3      | Acquired a +0 cloak of stealth
  2857 | D:3      | 2857 ||| UPGRADING to +0 cloak of stealth.
  2862 | D:3      | 2862 ||| READING 3 scrolls of identify.
  2862 | D:3      | 2862 ||| IDENTIFYING cyan potion
  2863 | D:3      | 2863 ||| READING 2 scrolls of identify.
  2863 | D:3      | 2863 ||| IDENTIFYING emerald potion
  2864 | D:3      | 2864 ||| DROPPING potion of attraction.
  2940 | D:4      | Reached skill level 5 in Ranged Weapons
  3092 | D:4      | Noticed a phantom
  3101 | D:4      | HP: 9/37 [phantom (2)]
  3102 | D:4      | 3102 ||| READING 4 scrolls of teleportation.
  3102 | D:4      | Slain by an iguana

Levels and vault maps discovered:
D:1:      eino_arrival_water_star, layout_basic, serial_curves, eino_curves_03,
          eino_curves_03, serial_shops, shop
D:2:      layout_basic, shapermc_ecumenical_altar_notcrosses,
          minmay_snake_closets
D:3:      layout_basic, general_overflow_altar, amcnicky_altar_gilded
D:4:      layout_basic, lemuel_temple_firewalk_b, minmay_quadrilaterals

Skill      XL: |  1  2  3  4 |
---------------+-------------+-----
Ranged Weapons | 3 4 5 |  5.0
Fighting       | 2 |  2.5
Armour         | 1 |  1.0
Dodging        | |  2.1
Spellcasting   | |  1.0
Hexes          | |  2.0

Action                     |  1- 3 |  4- 6 || total
---------------------------+-------+-------++-------
   Fire: Sling             |    99 |    77 ||   176
    Use: Scroll            |     5 |     7 ||    12
         Potion            |     1 |       ||     1
 Armour: Robe              |     2 |       ||     2
         Ring mail         |     3 |    12 ||    15
  Dodge: Dodged            |    32 |    27 ||    59

Table legend:
 A = Non-vault XP
 B = Vault XP
 C = Vault XP percentage of total XP
 D = Non-vault monster count
 E = Vault monster count
 F = Vault count percentage of total count
                 A         B        C        D         E       F
            +---------+---------+-------+---------+---------+-------
      Total |     104 |      75 |  41.9 |      45 |       9 |  16.7
            +---------+---------+-------+---------+---------+-------
        D:1 |      43 |       0 |   0.0 |      18 |       0 |   0.0
        D:2 |      25 |      75 |  75.0 |      13 |       9 |  40.9
        D:3 |      17 |       0 |   0.0 |      10 |       0 |   0.0
        D:4 |      19 |       0 |   0.0 |       4 |       0 |   0.0
            +---------+---------+-------+---------+---------+-------
